AoeStats
← Phina7x

Arabia

510486810Analyzed
2v2 RM · 23h ago on Oct 1, 2026· 54m 3s· 4 players
Game mode
Random Map
Map size
Medium (4 player)
Population
200
Speed
Normal
Resources
Standard
Victory
Conquest
Starting age
Dark Age
Ending age
Imperial Age
RankedLock teamsTeams togetherTeam positionsShared explorationLock speedFull tech treeHidden civsTurbo modeCheats
Victory
Defeat
🇦🇺 Khitans · Australia
908
+17
🇵🇰 Danes · Pakistan
890
+18
🇦🇷 Celts · Argentina
937
-17
🇨🇱 Goths · Chile
932
-18
GREENEYES
1:10 Loom
2:13 Loom
10:44 Feudal Age
11:23 Double-Bit Axe
11:21 Domestication
20:45 Castle Age
19:33 Fletching
19:39 Gold Mining
19:41 Stone Mining
22:13 Bow Saw
22:19 Heavy Cavalry Archer
24:01 Bodkin Arrow
26:11 Ballistics
25:40 Town Watch
26:14 Scale Barding Armor
26:28 Padded Archer Armor
26:28 Treadmill Crane
27:31 Husbandry
27:51 Town Patrol
30:01 Stone Shaft Mining
29:52 Leather Archer Armor
30:33 Wheelbarrow
31:02 Thumb Ring
40:18 Imperial Age
38:07 Scale Mail Armor
38:18 Forging
38:09 Murder Holes
38:51 Pastoralism
38:59 Squires
38:44 Arson
40:40 Lamellar Armor
41:06 Chain Barding Armor
41:29 Conscription
41:42 Parthian Tactics
42:24 Hand Cart
43:19 Chemistry
43:10 Elite Liao Dao
45:55 Ordo Cavalry
50:16 Bracer
50:47 Ring Archer Armor
50:53 Plate Barding Armor
50:33 Chain Mail Armor
50:54 Iron Casting
Haseeb Ayaz
10:10 Feudal Age
12:10 Man-at-Arms
23:21 Castle Age
22:00 Arson
25:07 Squires
25:31 Double-Bit Axe
28:11 Gold Mining
28:14 Stone Mining
30:42 Bow Saw
37:46 Horse Collar
40:34 Heavy Plow
40:24 Town Watch
41:17 Wheelbarrow
44:14 Imperial Age
44:55 Heavy Scorpion
46:18 Fletching
48:10 Ballistics
48:51 Chemistry
48:17 Hand Cart
El_Gusano
0:26 Loom
11:25 Feudal Age
12:22 Double-Bit Axe
13:14 Man-at-Arms
25:17 Castle Age
26:01 Horse Collar
28:07 Forging
27:58 Scale Mail Armor
34:45 Wheelbarrow
35:59 Hand Cart
35:50 Heavy Plow
36:32 Bow Saw
37:31 Gold Mining
37:33 Stone Mining
38:15 Squires
38:53 Iron Casting
40:07 Chain Mail Armor
45:08 Imperial Age
44:12 Long Swordsman
46:49 Blast Furnace
45:13 Two-Handed Swordsman
45:18 Elite Huskarl
46:23 Conscription
46:53 Crop Rotation
47:25 Two-Man Saw
47:41 Champion
48:53 Perfusion
Phina7x
4:38 Loom
10:34 Feudal Age
11:23 Horse Collar
11:30 Double-Bit Axe
15:27 Arson
15:25 Man-at-Arms
18:50 Scale Mail Armor
22:33 Forging
26:51 Castle Age
32:00 Wheelbarrow
30:55 Elite Skirmisher
36:00 Iron Casting
35:41 Chain Mail Armor
37:47 Fletching
37:59 Padded Archer Armor
38:35 Caravan
41:32 Hand Cart
46:36 Imperial Age
45:46 Bow Saw
46:31 Bodkin Arrow
46:52 Leather Archer Armor
50:01 Blast Furnace
49:31 Plate Mail Armor
49:25 Conscription
48:50 Elite Woad Raider
Connection lost

Rejoining the realm…

Still unreachable

The connection could not be restored.

Session expired

The server has moved on; the page needs a fresh start.